 Dungeon Crawl Stone Soup version 0.27-a0-155-g177a798329 (webtiles) character file.

Game seed: 9260918681961808465

23326 tsouns the Grappler (level 12, -2/122 HPs)
             Began as a Troll Hunter on Jan 26, 2021.
             Was an Elder of Qazlal.
             Slain by a wolf spider simulacrum (24 damage)
             ... in a Gauntlet on Jan 27, 2021.
             The game lasted 00:34:54 (12710 turns).

tsouns the Grappler (Troll Hunter)                 Turns: 12710, Time: 00:34:55

Health: -2/122     AC:  9    Str: 31    XL:     12   Next: 70%
Magic:  17/17      EV: 15    Int:  9    God:    Qazlal [****..]
Gold:   499        SH: 10    Dex: 10    Spells: 5/15 levels left

rFire    . . .     SeeInvis +     - Unarmed
rCold    . . .     Faith    .   (no shield)
rNeg     . . .     Spirit   .   z - +2 robe {Will+}
rPois    .         Reflect  +   O - +0 mask of the Dragon {Will+ Slay+3 SInv}
rElec    .         Harm     .   N - +0 cloak
rCorr    .         Rampage  .   (gloves unavailable)
Will     ++...     NoTele   +   (boots unavailable)
Stlth    +.........             x - amulet of reflection
HPRegen  0.70/turn              j - +4 ring of evasion
MPRegen  0.15/turn              E - +6 ring of strength

@: repel missiles
A: large, unfitting armour, claws 3, high mp 1, regeneration 1, shaggy fur 1,
tough skin 3
a: Renounce Religion, Upheaval, Elemental Force


You were in a Gauntlet.
You worshipped Qazlal.
Qazlal was greatly pleased with you.
You visited 3 branches of the dungeon, and saw 14 of its levels.
You also visited: Sewer and Gauntlet.

You collected 952 gold pieces.
You spent 453 gold pieces at shops.

Inventory:

Hand Weapons
 v - the +6 hunting sling of the Shark {vorpal, +Fly rElec rC- Int+8}
   (You found it on level 5 of the Dungeon)

   Any stone fired from it inflicts extra damage.
   It affects your intelligence (+8).
   It makes you vulnerable to cold.
   It insulates you from electricity.
   It lets you fly.
Missiles
 c - 4 large rocks (quivered)
 d - 3 throwing nets
 h - 20 javelins
 s - 10 curare-tipped darts
Armour
 n - a +0 tower shield
 z - a +2 robe of willpower (worn)
 F - a +2 hat of intelligence
 G - +0 steam dragon scales
 N - a +0 cloak (worn)
 O - the +0 mask of the Dragon (worn) {Will+ Slay+3 SInv}
   (You found it in a Gauntlet)

   It affects your accuracy and damage with ranged weapons and melee attacks
   (+3).
   It affects your willpower, your defense against some magical effects.
   It lets you see invisible.
Jewellery
 j - a +4 ring of evasion (left claw)
 l - an uncursed ring of flight {unknown}
 x - an amulet of reflection (around neck)
 E - a +6 ring of strength (right claw)
Wands
 e - a wand of polymorph (3)
 r - a wand of flame (18)
 u - a wand of digging (5)
 w - a wand of iceblast (23)
 C - a wand of mindburst (7)
 K - a wand of paralysis (17)
Scrolls
 b - 3 scrolls of fear
 g - a scroll of enchant weapon
 p - 2 scrolls of blinking
 t - 8 scrolls of remove curse
 y - 3 scrolls of magic mapping
 D - 4 scrolls of amnesia
 I - 3 scrolls of teleportation
Potions
 a - a potion of cancellation
 f - 2 potions of brilliance
 i - 3 potions of might
 k - 2 potions of lignification
 m - 5 potions of curing
 o - 5 potions of heal wounds
 q - 4 potions of flight
 A - 4 potions of resistance
 B - a potion of degeneration {unknown}
 H - 3 potions of attraction {unknown}
 J - a potion of berserk rage {unknown}
 L - a potion of ambrosia {unknown}
Miscellaneous
 M - a phial of floods


   Skills:
 + Level 8.6 Fighting
 + Level 10.0 Throwing
 - Level 5.0 Dodging
 - Level 0.3 Stealth
 * Level 12.1 Unarmed Combat
 + Level 2.4 Spellcasting
 + Level 2.9 Transmutations
 + Level 6.2 Invocations


You had 5 spell levels left.
You knew the following spells:

 Your Spells              Type           Power        Failure   Level
a - Beastly Appendage     Tmut           12%          10%         1
b - Blade Hands           Tmut           3%           95%         5
c - Blink                 Tloc           N/A          43%         2
d - Wereblood             Tmut           6%           14%         2

Your spell library contained the following spells:

 Spells                   Type           Power        Failure   Level
 Passwall                 Tmut/Erth      2%           26%         2
 Magic Dart               Conj           4%           32%         1
 Sandblast                Erth           2%           32%         1
 Call Imp                 Summ           1%           43%         2
 Slow                     Hex            1%           43%         2
 Spider Form              Tmut/Pois      1%           47%         3
 Conjure Flame            Conj/Fire      1%           67%         3
 Mephitic Cloud           Conj/Pois/Air  1%           67%         3
 Stone Arrow              Conj/Erth      2%           67%         3
 Ice Form                 Ice/Tmut       3%           87%         4
 Petrify                  Tmut/Erth      3%           87%         4
 Cause Fear               Hex            0%           97%         4
 Yara's Violent Unravell  Hex/Tmut       1%           99%         5
 Lee's Rapid Deconstruct  Erth           0%           100%        5
 Silence                  Hex/Air        0%           100%        5
 Discord                  Hex            0%           100%        8


Dungeon Overview and Level Annotations

Branches:
Dungeon (9/15)             Temple (1/1) D:7            Lair (4/6) D:9
  Swamp (0/4) Lair:4       Spider (0/4) Lair:4        Sewer (visited)
Gauntlet (1/1)
    Orc: D:9-12

Altars:
Ashenzari
Cheibriados
Dithmenos
Elyvilon
Fedhas
Gozag
Hepliaklqana
Kikubaaqudgha
Makhleb
Nemelex Xobeh
Okawaru
Qazlal
Ru
Sif Muna
Trog
Uskayaw
Vehumet
Wu Jian
Xom
Yredelemnul
Zin
The Shining One

Shops:
D:5 [   D:7 [[   D:9 (=(:}

Annotations:
D:6 2 transporters, furman's ghost, novice OgBe Gauntlet 9 transporters, exclusion: obsidian statue


Innate Abilities, Weirdness & Mutations

You are too large for most types of armour.
You have claws for hands.
Your natural rate of healing is unusually fast.
You are covered in fur. (AC +1)
You have extremely tough skin. (AC +3)
You have an increased reservoir of magic. (+10% MP)


Message History

You scratch the wolf spider simulacrum.
The wolf spider simulacrum is lightly damaged.
You block the wolf spider simulacrum's attack.
The wolf spider simulacrum bites you but does no damage.
You scratch the wolf spider simulacrum.
The wolf spider simulacrum is moderately damaged.
The wolf spider simulacrum barely misses you.
The wolf spider simulacrum misses you.
You claw the wolf spider simulacrum!
The wolf spider simulacrum is severely damaged.
The wolf spider simulacrum misses you. The wolf spider simulacrum bites you!
The wolf spider simulacrum freezes you!!
* * * LOW HITPOINT WARNING * * *
The wolf spider simulacrum enters a dispersal trap!
You blink.
The wolf spider simulacrum blinks!
There is a transporter landing site here.
The wolf spider simulacrum hits you!
* * * LOW HITPOINT WARNING * * *
The wolf spider simulacrum freezes you!!
You die...

8# #8# #8# #8# #8# #8# #8# #8# #8
#################################
.................................
.................................
########...###########...########
).†....#.8.#.........#.8.#yy.....
##.##..#...#.##..^##.#...#...###.
#...##.#####..##.##^[#####....#..
.....#.#...#...#@#...#...#.#y©#..
..©...©#©.©#...Z©#..©#©.©#.######
.....#.#...#.○°#.#...#...#.#..#..
#...##.#####..##.##.$#####....#..
##.##..#...#.##..^##.#...#y..###.
.......#...#.^.......#...#y......
########...###########...########
.........≈.............≈.........
........§8≈...........≈8≈........


You could see a wolf spider simulacrum.

Vanquished Creatures
  Gastronok (Lair:3)
  Erolcha (D:9)
  A two-headed ogre (D:8)
  A hydra (Lair:3)
  Erica (D:8)
  A necromancer (Gauntlet)
  Joseph (D:8)
  2 black mambas
  7 cane toads
  A rime drake (Lair:2)
  2 komodo dragons
  A troll (D:9)
  A hornet (Lair:3)
  9 blink frogs
  A centaur simulacrum (Gauntlet)
  2 wyverns
  Eustachio (D:4)
  Grum (D:7)
  A basilisk (Lair:1)
  2 steam dragons
  27 yaks
  Menkaure (D:7)
  A naga (D:3)
  2 wargs (D:9)
  4 water moccasins
  2 ice beasts
  3 orc warriors
  3 necrophages
  10 ogres
  4 centaurs
  16 wolves
  3 lemures
  2 big kobolds (Sewer)
  11 bullfrogs
  A wyvern zombie (D:8)
  A cane toad simulacrum (Gauntlet)
  2 scorpions (D:9)
  12 killer bees
  12 wights
  4 howler monkeys
  4 electric eels
  4 hounds
  2 jellies
  5 orc priests
  7 orc wizards
  2 bullfrog skeletons
  2 iguanas
  10 worker ants
  Natasha (thrice) (D:2)
  Terence (D:2)
  2 bullfrog simulacra (Gauntlet)
  A hound zombie (D:7)
  A hound skeleton (D:6)
  12 gnolls
  14 adders
  3 river rats (D:3)
  A shadow imp (D:5)
  A white imp (D:7)
  An ufetubus (D:6)
  2 oozes
  3 adder skeletons
  5 worms
  A dart slug (D:2)
  6 leopard geckos
  27 orcs
  6 ball pythons
  7 bats
  2 giant cockroaches
  4 goblins
  7 hobgoblins
  2 jackals (D:6)
  5 quokkas
  A ball python zombie (D:6)
  9 frilled lizards
  A jackal skeleton (D:4)
  A jackal zombie (D:6)
  19 kobolds
  3 leopard gecko skeletons
  A leopard gecko zombie (D:8)
  2 quokka skeletons
  14 rats
363 creatures vanquished.

Vanquished Creatures (others)
  A rat (D:3)
  16 fungi
  24 plants
41 creatures vanquished.

Grand Total: 404 creatures vanquished

Notes
Turn   | Place    | Note
-------+----------+-------------------------------------------
     0 | D:1      | tsouns the Troll Hunter began the quest for the Orb.
     0 | D:1      | Reached XP level 1. HP: 19/19 MP: 0/0
   271 | D:1      | Reached XP level 2. HP: 26/28 MP: 1/1
   622 | D:1      | Reached skill level 1 in Unarmed Combat
   894 | D:2      | Found a glowing silver altar of Zin.
   896 | D:2      | Found a broken altar of Ashenzari.
   918 | D:2      | Reached XP level 3. HP: 35/35 MP: 2/2
   959 | D:2      | Reached skill level 2 in Unarmed Combat
   959 | D:2      | Reached XP level 4. HP: 35/44 MP: 3/3
  1168 | D:2      | Found a glowing golden altar of the Shining One.
  1307 | D:2      | Noticed Natasha
  1309 | D:2      | Killed Natasha
  1410 | D:2      | Noticed Natasha
  1418 | D:2      | Killed Natasha
  1419 | D:2      | Reached XP level 5. HP: 49/52 MP: 4/4
  1636 | D:2      | Noticed a +0 hand axe
  1637 | D:2      | Noticed a +0 dagger
  1639 | D:2      | Found a hide-covered altar of Uskayaw.
  1952 | D:2      | Noticed Natasha
  1963 | D:2      | Killed Natasha
  1983 | D:2      | Noticed Terence
  1997 | D:2      | Killed Terence
  1998 | D:2      | Reached skill level 3 in Unarmed Combat
  2166 | D:2      | Reached XP level 6. HP: 61/61 MP: 5/5
  2254 | D:3      | Gained mutation: You are weak. (Str -2) [potion of
                  | mutation]
  2254 | D:3      | Gained mutation: Scrolls take you a little longer to read.
                  | [potion of mutation]
  2254 | D:3      | Gained mutation: You evolve. [potion of mutation]
  2326 | D:3      | Reached skill level 5 in Throwing
  2372 | D:3      | Found a glowing drain.
  2380 | Sewer    | Entered a sewer
  2525 | Sewer    | Reached skill level 4 in Unarmed Combat
  2629 | Sewer    | Reached XP level 7. HP: 66/68 MP: 6/6
  3299 | D:4      | Noticed Pikel
  3472 | D:3      | Noticed Pikel
  3472 | D:3      | Pikel changed into Pikel the human
  3482 | D:3      | Noticed Pikel
  3482 | D:3      | Pikel the human changed into Pikel the naga
  3494 | D:3      | Killed Pikel the naga
  3601 | D:4      | Noticed Eustachio
  3617 | D:4      | Killed Eustachio
  3618 | D:4      | Reached skill level 5 in Unarmed Combat
  3652 | D:4      | Reached XP level 8. HP: 40/79 MP: 7/7
  4077 | D:4      | Reached skill level 5 in Fighting
  4381 | D:5      | Entered Level 5 of the Dungeon
  4382 | D:5      | Found Zyizuvve's Armour Emporium.
  4390 | D:5      | Bought a +2 robe of willpower for 194 gold pieces
  4483 | D:5      | Found a white marble altar of Elyvilon.
  4538 | D:5      | Found a basalt altar of Yredelemnul.
  4597 | D:5      | Reached skill level 6 in Unarmed Combat
  4763 | D:5      | Gained mutation: You have large cloven feet. [evolution]
  4808 | D:5      | Got an ichor-stained hunting sling
  4816 | D:5      | Learned a level 1 spell: Beastly Appendage
  4822 | D:5      | Learned a level 5 spell: Blade Hands
  5359 | D:6      | Reached XP level 9. HP: 89/89 MP: 8/8
  5650 | D:6      | Reached skill level 7 in Unarmed Combat
  5793 | D:6      | Identified the +6 hunting sling of the Shark {vorpal, +Fly
                  | rElec rC- Int+8} (You found it on level 5 of the Dungeon)
  5866 | D:6      | Found a transporter.
  5867 | D:6      | Noticed furman's ghost (novice OgBe)
  5879 | D:6      | Found a transporter.
  5979 | D:7      | Found a staircase to the Ecumenical Temple.
  5995 | Temple   | Entered the Ecumenical Temple
  6089 | Temple   | Became a worshipper of Qazlal Stormbringer
  6336 | D:7      | Found Qulipsuk's Antique Armour Shop.
  6341 | D:7      | Bought an embroidered hat for 259 gold pieces
  6356 | D:7      | Found Epnetzew's Antique Armour Shop.
  6451 | D:7      | Noticed Menkaure
  6457 | D:7      | Killed Menkaure
  6555 | D:7      | Found a shimmering blue altar of Sif Muna.
  6557 | D:7      | Found a shadowy altar of Dithmenos.
  6557 | D:7      | Found a radiant altar of Vehumet.
  6557 | D:7      | Found an iron altar of Okawaru.
  6569 | D:7      | Found an ornate altar of the Wu Jian Council.
  6569 | D:7      | Found a hazy altar of Hepliaklqana.
  6577 | D:7      | Reached skill level 1 in Invocations
  6628 | D:7      | Lost mutation: You are weak. (Str -2) [evolution]
  6628 | D:7      | Lost mutation: You evolve. [end of evolution]
  6700 | D:8      | Reached skill level 8 in Unarmed Combat
  6713 | D:8      | Noticed Erica
  6764 | D:8      | Noticed Grum
  6777 | D:7      | Killed Grum
  7035 | D:8      | Killed Erica
  7035 | D:8      | Noticed a two-headed ogre
  7036 | D:8      | Reached XP level 10. HP: 100/100 MP: 10/10
  7042 | D:8      | Killed a two-headed ogre
  7136 | D:8      | Reached skill level 9 in Unarmed Combat
  7138 | D:8      | Noticed Joseph
  7151 | D:8      | Killed Joseph
  7189 | D:8      | Reached * piety under Qazlal
  7659 | D:9      | Found Gicroeri's Jewellery Shoppe.
  7905 | D:9      | Found a staircase to the Lair.
  8053 | D:9      | Reached ** piety under Qazlal
  8162 | D:9      | Found Nalixionk's Book Shop.
  8227 | D:9      | Reached XP level 11. HP: 107/109 MP: 12/12
  8246 | D:9      | Found Ymeydoss's Antique Weapon Shop.
  8292 | D:9      | Found Michad's Antique Weapon Shoppe.
  8396 | D:9      | Reached skill level 10 in Unarmed Combat
  8472 | D:9      | Found Pasuysea's Gadget Boutique.
  8686 | D:9      | Noticed Erolcha
  8694 | D:9      | Killed Erolcha
  8843 | Lair:1   | Entered Level 1 of the Lair of Beasts
  9153 | Lair:1   | Reached *** piety under Qazlal
  9288 | Lair:1   | Upgraded the game from 0.27-a0-124-g19cb506db8 to
                  | 0.27-a0-155-g177a798329
  9359 | Lair:1   | Reached skill level 5 in Dodging
  9695 | Lair:1   | Learned a level 2 spell: Blink
  9698 | Lair:1   | Learned a level 2 spell: Wereblood
  9947 | Lair:2   | Found a sparkling altar of Nemelex Xobeh.
  9967 | Lair:2   | Reached skill level 5 in Invocations
  9990 | Lair:2   | Reached skill level 11 in Unarmed Combat
 10068 | Lair:2   | Reached skill level 1 in Transmutations
 10090 | Lair:2   | Reached skill level 1 in Spellcasting
 10104 | Lair:2   | Reached XP level 12. HP: 25/119 MP: 13/15
 10431 | Lair:2   | Lost mutation: Scrolls take you a little longer to read.
                  | [potion of mutation]
 10431 | Lair:2   | Lost mutation: You have large cloven feet. [potion of
                  | mutation]
 10431 | Lair:2   | Gained mutation: You have an increased reservoir of magic.
                  | (+10% MP) [potion of mutation]
 10431 | Lair:2   | Gained mutation: You evolve. [potion of mutation]
 10711 | Lair:2   | Lost mutation: You evolve. [end of evolution]
 11003 | Lair:3   | Noticed Gastronok
 11044 | Lair:3   | Killed Gastronok
 11044 | Lair:3   | Reached **** piety under Qazlal
 11927 | Lair:4   | Noticed a six-headed hydra
 11968 | Lair:3   | Killed a six-headed hydra
 12133 | Lair:4   | Reached skill level 12 in Unarmed Combat
 12155 | Lair:4   | Noticed a seven-headed hydra
 12156 | Lair:4   | Noticed an eight-headed hydra
 12179 | Lair:4   | Reached skill level 10 in Throwing
 12391 | Lair:4   | Found a gate leading to a gauntlet.
 12397 | Gauntlet | Entered a Gauntlet
 12397 | Gauntlet | Found a transporter.
 12397 | Gauntlet | Found a transporter.
 12397 | Gauntlet | Found the +0 mask of the Dragon {Will+ Slay+3 SInv}
 12397 | Gauntlet | Noticed a tengu warrior
 12398 | Gauntlet | Found a transporter.
 12401 | Gauntlet | Found a transporter.
 12401 | Gauntlet | Found a transporter.
 12401 | Gauntlet | Found a transporter.
 12415 | Gauntlet | Found a transporter.
 12417 | Gauntlet | Found a transporter.
 12425 | Gauntlet | Found a transporter.
 12528 | Gauntlet | Found a transporter.
 12530 | Gauntlet | Found a transporter.
 12540 | Gauntlet | Found a transporter.
 12710 | Gauntlet | Slain by a wolf spider simulacrum

Illustrated notes

Levels and vault maps discovered:
D:1:      dpeg_arrival_more_subterranean_lakeside_camping, layout_basic
D:2:      layout_basic, dancing_weapons_uskayaw, tso_oasis_becter,
          chequers_temple_overflow_statue_of_worship, serial_co_window_serial,
          co_window_corner_a, co_window_of_opportunity_a, co_window_paths_a,
          co_window_paths_a, co_window_corner_a, co_window_corner_b,
          co_window_2corner, co_window_cross_3, co_window_4corner_a,
          glass_columns_c, glass_columns_a, glass_columns_a, glass_columns_b,
          uniq_terence, uniq_natasha
D:3:      layout_basic, lightli_sewer_entry_pipes, columned_hall_lemuel
D:4:      layout_layer_cave, dk_noncrumbling_3, uniq_eustachio, uniq_pikel
D:5:      layout_rooms, kennysheep_ying_yang, serial_shops, nicolae_shop_trees
D:6:      minmay_chambers_of_threes, layout_gridville,
          gammafunk_ghost_stat_death
D:7:      layout_loops_ring, minmay_overflow_temple_hex,
          minmay_temple_entry_large_hall, serial_shops, shop_statue, shop,
          uniq_menkaure
D:8:      layout_rooms, eino_jars, uniq_grum, uniq_joseph, uniq_erica
D:9:      layout_gridville, erik_lair_orcish_takeover, serial_shops,
          nicolae_shop_overgrown_old_shop, nicolae_shop_trees, shop,
          nicolae_shop_trees, nicolae_shop_stone, uniq_erolcha
Temple:   cyrus_temple_forest
Lair:1:   statuecave_lemuel, layout_misc_corridors, minivault_23
Lair:2:   layout_chaotic_city, basic_altar, lemuel_fruit_fields,
          infiniplex_staircase_pool_2, serial_bayou_shore_b,
          serial_bayou_shore_a, lemuel_fruit_tree
Lair:3:   layout_regular_city, minivault_11, uniq_gastronok
Lair:4:   layout_hall_layers, palyth_hydra_swamp_entry,
          nicolae_spider_entry_non_spiders, gauntlet_entry_generic,
          st_stairs_12, serial_bayou_shore_b
Gauntlet: gammafunk_gauntlet_hard_choice [gammafunk_gauntlet_arena_hedges,
          gammafunk_gauntlet_arena_split_diamond,
          gammafunk_gauntlet_arena_crates, gammafunk_gauntlet_arena_split_x,
          gammafunk_gauntlet_arena_mazey, nicolae_gauntlet_arena_t_cross,
          gauntlet_exit_hidden_loot]

Skill      XL: |  1  2  3  4  5  6  7  8  9 10 11 12 |
---------------+-------------------------------------+-----
Unarmed Combat | 1 2 3 4 5 6 8 9 11 12 | 12.1
Fighting       | 2 3 4 5 6 7 8 |  8.6
Throwing       | 4 5 6 7 8 9 10 | 10.0
Dodging        | 3 4 5 |  5.0
Invocations    | 2 3 5 6 |  6.2
Transmutations | 1 2 |  2.9
Spellcasting   | 1 2 |  2.4
Stealth        | |  0.3

Action                   |  1- 3 |  4- 6 |  7- 9 | 10-12 || total
-------------------------+-------+-------+-------+-------++-------
Melee: Short sword       |    17 |       |       |       ||    17
       Unarmed           |    54 |   216 |   421 |   508 ||  1199
       Punch             |       |     1 |     9 |    29 ||    39
       Kick              |       |       |    62 |    92 ||   154
       Headbutt          |       |       |       |     2 ||     2
Throw: Large rock        |       |     2 |     4 |    13 ||    19
       Javelin           |       |       |     4 |     8 ||    12
       Dart              |       |       |       |     6 ||     6
       Throwing net      |       |       |       |     1 ||     1
 Cast: Beastly Appendage |       |       |       |     1 ||     1
Evoke: Wand              |       |       |    12 |     4 ||    16
  Use: Scroll            |       |     6 |     9 |     8 ||    23
       Potion            |       |     1 |     3 |     1 ||     5
 Stab: Sleeping          |     1 |       |       |       ||     1
       Distracted        |       |       |     1 |       ||     1
Armor: Robe              |    19 |    68 |   123 |    80 ||   290
Dodge: Dodged            |    23 |   211 |   276 |   245 ||   755
       Repelled          |       |       |       |     1 ||     1
Block: Other             |       |       |    40 |   169 ||   209
       Reflection        |       |       |     2 |     6 ||     8

Table legend: (Time is in decaauts)
 A = Elapsed time spent in this place.
 B = Non-inter-level travel time spent in this place.
 C = Inter-level travel time spent in this place.
 D = Time resting spent in this place.
 E = Time spent auto-exploring this place.
 F = Levels seen in this place.
 G = Mean time per level.
                   A        B        C        D        E       F      G
               +--------+--------+--------+--------+--------+-----+--------+
         Total |  12629 |  12167 |    462 |      0 |   9129 |  16 |  789.3 |
       Dungeon |   8566 |   8273 |    293 |      0 |   6149 |   9 |  951.8 |
        Temple |    122 |     95 |     27 |      0 |     81 |   1 |  122.0 |
          Lair |   3337 |   3195 |    142 |      0 |   2571 |   4 |  834.2 |
         Sewer |    296 |    296 |      0 |      0 |    155 |   1 |  296.0 |
      Gauntlet |    307 |    307 |      0 |      0 |    172 |   1 |  307.0 |
               +--------+--------+--------+--------+--------+-----+--------+

Top non-repeatable levels by time:
  Lair:3: 1365 daAuts
     D:2: 1364 daAuts
     D:9: 1325 daAuts
     D:3: 1071 daAuts
  Lair:2: 990 daAuts
     D:7: 903 daAuts
     D:4: 901 daAuts
     D:5: 892 daAuts
  Lair:1: 878 daAuts
     D:1: 769 daAuts
     D:8: 672 daAuts
     D:6: 666 daAuts
Gauntlet: 307 daAuts
   Sewer: 296 daAuts
  Temple: 122 daAuts
